Cogmind - Beta 14 @@@ ROGUE MODE // 2025.01.07 @ 22:57:37 Player: Luna Result: Destroyed by G-47 Trooper with Particle Gun Performance ------------- Evolutions (2) 1000 Regions Visited (4) 800 Robots Destroyed (42) 210 Value Destroyed (1325) 1325 Prototype IDs (1) 20 Alien Tech Used (0) 0 Bonus (21) 21 TOTAL SCORE: 3376 Bonus ------- Follower Combat Kills 21 Cogmind --------- Core Integrity 0/550 Matter 381/400 Energy 99/100 System Corruption 0% Temperature Cool (9) Movement Core (50) Location -8/Materials Parts ------- > --- POWER (1) -------- (None) > --- PROPULSION (2) --- (None) > --- UTILITY (4) ------ Medium Matter Pod Targeting Computer > --- WEAPON (4) ------- (None) > --- INVENTORY (5) ---- Nuclear Core Nuclear Core Peak State ------------ > --- POWER ------------ Nuclear Core > --- PROPULSION ------- Armored Treads Armored Treads > --- UTILITY ---------- Small Storage Unit Targeting Computer ECM Suite Core Shielding > --- WEAPON ----------- EM Pulse Gun EM Pulse Gun Assault Rifle Heavy Assault Rifle > --- INVENTORY -------- Nuclear Core Nuclear Core Armored Treads Armored Treads Medium Matter Pod [Rating: 19] Favorites ----------- Power Ion Engine Engine Ion Engine Power Core Nuclear Core Propulsion Light Treads Treads Light Treads Utility Small Storage Unit Device ECM Suite Storage Small Storage Unit Processor Targeting Computer Protection Core Shielding Weapon EM Pulse Gun Energy Gun EM Pulse Gun Energy Cannon Beam Cannon Ballistic Gun Light Assault Rifle Launcher Rocket Launcher Build | -11 -10 -10 -9 -8 ------- Run | Yrd Mat Min Mat Mat Slots Evolved 4 | . . . 2 2 Power . | . . . . . Propulsion . | . . . . . Utility 2 | . . . 1 1 Weapon 2 | . . . 1 1 Parts Attached 38 | 7 9 3 12 7 Power 4 | 1 . . 3 . Engine 3 | 1 . . 2 . Core 1 | . . . 1 . Reactor . | . . . . . Propulsion 9 | 2 2 1 2 2 Treads 9 | 2 2 1 2 2 Leg . | . . . . . Wheel . | . . . . . Hover . | . . . . . Flight . | . . . . . Utility 6 | 2 . 1 1 2 Device 2 | 1 . 1 . . Storage 2 | 1 . . . 1 Processor 1 | . . . . 1 Hackware . | . . . . . Protection 1 | . . . 1 . Artifact . | . . . . . Weapon 19 | 2 7 1 6 3 Energy Gun 8 | 1 2 . 4 1 Energy Cannon 1 | . 1 . . . Ballistic Gun 5 | 1 1 . 1 2 Ballistic Cannon . | . . . . . Launcher 5 | . 3 1 1 . Special Weapon . | . . . . . Impact Weapon . | . . . . . Slashing Weapon . | . . . . . Piercing Weapon . | . . . . . Special Melee Weapon . | . . . . . Unidentified Prototypes 1 | . . . . 1 Parts Lost 20 | . 2 . 4 14 Power 1 | . . . . 1 Propulsion 4 | . . . . 4 Utility 3 | . . . . 3 Weapon 12 | . 2 . 4 6 Highest Loss Streak 11 | . 2 . 3 11 To Critical Strikes . | . . . . . Average Slot Usage (%) 94 | . 99 100 97 67 Engine 9 | . 14 14 5 . Core 2 | . . . 5 4 Treads 24 | . 28 28 22 15 Device 12 | . 14 14 11 5 Storage 12 | . 14 14 11 6 Processor 1 | . . . . 9 Protection 3 | . . . 9 6 Energy Gun 12 | . 4 16 22 9 Ballistic Gun 3 | . 6 . . 10 Launcher 11 | . 16 11 9 . Peak Build Rating 19 | 7 7 8 18 19 Average Rating 9 | 4 6 7 14 13 On Entrance 7 | . 7 7 8 17 Naked Turns . | . . . . . Heaviest Build 24 | 13 17 18 24 24 Greatest Support 40 | 40 40 40 40 40 Greatest Overweight (x) 4 | . . 4 . 1 Average Overweight (x) . | . . . . . Largest Inventory Capacity 8 | 8 8 8 8 8 Average Capacity 7 | 6 8 8 8 7 Most Carried 8 | 1 8 8 8 6 Average Carried 5 | . 4 6 7 4 Final Capacity 8 | 8 8 8 8 5 Final Carried 8 | 1 8 6 7 2 Class Distribution -------------------- 71% | Mutant 17% | Tank 10% | Gunner Dominant Class ---------------- Mutant | -10/Materials Mutant | -10/Mines Tank | -9/Materials Mutant | -8/Materials Resources | -11 -10 -10 -9 -8 ----------- Run | Yrd Mat Min Mat Mat Matter Collected 982 | 271 123 105 216 267 Remotely . | . . . . . Salvage Created 1162 | 83 242 . 334 503 Parts 78 | 3 29 . 21 25 Haulers Intercepted 1 | . 1 . . . Recyclers Shooed 1 | . 1 . . . Parts Field Recycled . | . . . . . Retrieved Matter . | . . . . . Parts Self-Destructed . | . . . . . Prevented . | . . . . . Kills | -11 -10 -10 -9 -8 ------- Run | Yrd Mat Min Mat Mat Combat Hostiles Destroyed 30 | . 12 . 9 9 Melee 1 | . . . . 1 Guns 13 | . 2 . 3 8 AOE 16 | . 10 . 6 . Classes Destroyed 11 | 2 5 . 3 1 Worker 1 | . . . 1 . Builder 1 | . 1 . . . Tunneler 1 | 1 . . . . Hauler 1 | . 1 . . . Recycler 2 | 1 1 . . . Mechanic 1 | . . . 1 . Watcher 5 | . 2 . 1 2 Swarmer 6 | . 6 . . . Grunt 15 | . 6 . 6 3 Sentry 7 | . . . 3 4 Hunter 2 | . . . . 2 Best Kill Streak 5 | 2 5 . 3 3 Combat Bots Only 4 | . 4 . 3 3 Max Kills in Single Turn 3 | 1 3 . 3 1 Gunslinging . | . . . . . Exploded 2 | . 2 . 2 . Melee 1 | . . . . 1 Uniques/NPCs Destroyed . | . . . . . Combat | -11 -10 -10 -9 -8 -------- Run | Yrd Mat Min Mat Mat Hostile Shots Fired 288 | . 25 . 40 223 Missed 88 | . 9 . 17 62 Damage Taken 3147 | . 350 . 597 2200 Core 636 | . 48 . 38 550 Absorbed by Shields . | . . . . . Redirected to Shielding 51 | . . . 9 42 Core Remaining (%) 90 | 100 . 80 90 . Volleys Fired 90 | 3 21 . 18 48 Largest 4 | 2 2 . 3 4 Hottest 123 | 60 60 . 118 123 Shots Fired 184 | 6 38 . 47 93 Gun 142 | 6 7 . 36 93 Cannon 2 | . 2 . . . Launcher 40 | . 29 . 11 . Special . | . . . . . Kinetic 63 | 3 7 . . 53 Thermal 13 | 3 2 . . 8 Explosive 40 | . 29 . 11 . Electromagnetic 68 | . . . 36 32 Robot Hit Streak 12 | 3 6 . 6 12 Robot Miss Streak 4 | 1 2 . 3 4 Penetration Max . | . . . . . Secondary Targets . | . . . . . Shots Hit Robots 109 | 3 22 . 22 62 Core Hits 77 | 4 25 3 18 27 Critical Kills 1 | . 1 . . . Critical Parts Destroyed . | . . . . . Critical Strikes 4 | . 1 . 1 2 Burn 2 | . . . . 2 Destroy 1 | . 1 . . . Corrupt 1 | . . . 1 . Melee Attacks . | . . . . . Impact . | . . . . . Slashing . | . . . . . Piercing . | . . . . . Sneak Attacks . | . . . . . Combat Hostiles . | . . . . . Follow-up Attacks . | . . . . . Damage Inflicted 3293 | 34 1213 32 1177 837 Guns 1081 | 31 23 . 210 817 Cannons 36 | . 36 . . . Explosions 2095 | . 1145 . 950 . Melee . | . . . . . Ramming 81 | 3 9 32 17 20 Kinetic 476 | 8 23 . . 445 Thermal 581 | 23 36 . 422 100 Explosive 1623 | . 1095 . 528 . Electromagnetic 532 | . 50 . 210 272 Impact . | . . . . . Slashing . | . . . . . Piercing . | . . . . . Highest Corruption 1 | . . . 1 . Average Corruption 1 | . . . 1 . Corruption Purged . | . . . . . Corruption Blocked . | . . . . . Effects 7 | . . . 7 . Message Errors 1 | . . . 1 . Matter Fused 2 | . . . 2 . Heat Flow Errors 1 | . . . 1 . Data Loss (minor) 1 | . . . 1 . Data Loss (major) 1 | . . . 1 . Alerts 1 | . . . 1 . Overload Shots . | . . . . . Overflow Damage 224 | . 81 . 143 . Projectiles 9 | . 9 . . . Explosions 215 | . 72 . 143 . Melee . | . . . . . Knockbacks . | . . . . . Impact . | . . . . . Kinetic . | . . . . . Secondary . | . . . . . Self-Inflicted Damage 491 | . 199 . 290 2 Shots 11 | . 7 . 4 . Rammed 42 | 1 6 14 4 17 Targets Rammed 43 | 1 6 14 4 18 Kicked . | . . . . . Crushed 1 | . . . . 1 Highest Temperature 366 | 40 40 . 200 366 Average Temperature 73 | 19 11 . 72 101 Received Heat Transfer 939 | . 30 . 171 738 Effects 1 | . . . . 1 Shutdowns 1 | . . . . 1 Siege Activations . | . . . . . Robots Corrupted . | . . . . . Combat Hostiles . | . . . . . Parts Fried 2 | . . . 1 1 Impact Corruptions . | . . . . . Robots Melted . | . . . . . Combat Hostiles . | . . . . . Parts Melted . | . . . . . Heat Transferred 757 | 50 74 . 300 333 Parts Sabotaged . | . . . . . Parts Stolen . | . . . . . Parts Stripped . | . . . . . Power Chain Reactions 3 | . . . 3 . Alert | -11 -10 -10 -9 -8 ------- Run | Yrd Mat Min Mat Mat Peak Influence 326 | 10 326 169 317 299 Initial 84 | . 6 83 . 84 Average 144 | 3 163 87 163 217 Maximum Alert Level 1 | . 1 . 1 1 Low Security (%) 67 | 100 54 100 60 39 Level 1 32 | . 45 . 39 60 Level 2 . | . . . . . Level 3 . | . . . . . Level 4 . | . . . . . Level 5 . | . . . . . High Security . | . . . . . Max Security . | . . . . . Squads Dispatched 9 | . 2 . 2 5 Investigation 6 | . 2 . 2 2 Extermination . | . . . . . Reinforcement 1 | . . . . 1 Assault . | . . . . . Garrison 2 | . . . . 2 Intercept . | . . . . . Searches Triggered . | . . . . . Construction Impeded 1 | . . . . 1 Haulers Reinforced . | . . . . . Active Scanning Responses . | . . . . . Cargo Convoy Interrupts . | . . . . . Stealth | -11 -10 -10 -9 -8 --------- Run | Yrd Mat Min Mat Mat Distress Signals 7 | . 3 . . 4 Communications Jammed . | . . . . . Distress Signals . | . . . . . Times Spotted 58 | . 17 3 15 23 Peak Tracking Total 9 | . 6 1 3 9 Tactical Retreats 3 | . 1 1 1 . Traps | -11 -10 -10 -9 -8 ------- Run | Yrd Mat Min Mat Mat Traps Triggered 1 | . . . . 1 Indirectly . | . . . . . Trap Hack Attempts . | . . . . . Triggered . | . . . . . Disarmed . | . . . . . Reprogrammed . | . . . . . Reused . | . . . . . Traps Extracted . | . . . . . Installed . | . . . . . Triggered . | . . . . . Machines | -11 -10 -10 -9 -8 ---------- Run | Yrd Mat Min Mat Mat Machines Disabled 14 | . 3 . 10 1 Max in Single Turn 4 | . 1 . 4 1 Machines Repaired . | . . . . . Machines Dismantled . | . . . . . Machines Sabotaged . | . . . . . Overloaded Fab Kills . | . . . . . Hacking | -11 -10 -10 -9 -8 --------- Run | Yrd Mat Min Mat Mat Machines Accessed 12 | . 7 . 4 1 Terminals 9 | . 5 . 3 1 Fabricators . | . . . . . Repair Stations . | . . . . . Recycling Units 3 | . 2 . 1 . Scanalyzers . | . . . . . Garrison Access . | . . . . . Total Hacks 41 | . 25 . 12 4 Successful 17 | . 10 . 7 . Failed 24 | . 15 . 5 4 Catastrophic 5 | . 4 . 1 . Database Lockouts . | . . . . . Manual 26 | . 17 . 7 2 Terminals 29 | . 18 . 7 4 Fabricators . | . . . . . Repair Stations . | . . . . . Recycling Units 12 | . 7 . 5 . Scanalyzers . | . . . . . Garrison Access . | . . . . . Terminal Hacks 4 | . 2 . 2 . Record 1 | . 1 . . . Alert Level 1 | . . . 1 . Unreport Threat 2 | . 1 . 1 . Fabricator Hacks . | . . . . . Repair Station Hacks . | . . . . . Recycling Unit Hacks 8 | . 5 . 3 . Process 2 | . 1 . 1 . Retrieve Matter 4 | . 2 . 2 . Retrieve Components 2 | . 2 . . . Scanalyzer . | . . . . . Garrison Access Hacks . | . . . . . Unauthorized Hacks 5 | . 3 . 2 . Terminals 5 | . 3 . 2 . Botnet 5 | . 3 . 2 . Fabricators . | . . . . . Repair Stations . | . . . . . Recycling Units . | . . . . . Scanalyzers . | . . . . . Garrison Access . | . . . . . Data Cores Recovered 1 | . . . 1 . Used . | . . . . . Hacking Detections 11 | . 6 . 4 1 Full Trace Events 7 | . 4 . 2 1 Feedback Events 1 | . . . 1 . Corruption 1 | . . . 1 . Feedback Blocked . | . . . . . Robot Schematics Acquired . | . . . . . Robots Built . | . . . . . Authchips . | . . . . . Time . | . . . . . Total Robot Build Rating . | . . . . . Part Schematics Acquired . | . . . . . Parts Built . | . . . . . Authchips . | . . . . . Time . | . . . . . Total Part Build Rating . | . . . . . Parts Repaired . | . . . . . Time . | . . . . . Parts Recycled . | . . . . . Recycled Matter 65 | . 55 . 10 . Retrieved Matter 65 | . 55 . 10 . Retrieved Components 6 | . 6 . . . Parts Scanalyzed . | . . . . . Part Schematics Acquired . | . . . . . Parts Damaged . | . . . . . Bothacking | -11 -10 -10 -9 -8 ------------ Run | Yrd Mat Min Mat Mat Used RIF Installer . | . . . . . Robots Hacked . | . . . . . Non-combat . | . . . . . Combat . | . . . . . Robot Hacks Applied . | . . . . . Relay Couplers Released . | . . . . . Fabnet Peak Effective % . | . . . . . Robots Rewired . | . . . . . Allies Hacked . | . . . . . Hacks Repelled . | . . . . . Allies | -11 -10 -10 -9 -8 -------- Run | Yrd Mat Min Mat Mat Total Allies 3 | . . 3 . . Largest Group 3 | . . 3 3 . Highest-Rated Group 40 | . . 40 40 . Highest-Rated Ally 16 | . . 16 16 . Total Orders 1 | . . 1 . . FOLLOW 1 | . . 1 . . Ally Attacks 21 | . . 8 13 . Total Damage 212 | . . 63 149 . Kills 5 | . . 4 1 . Allies Corrupted . | . . . . . Allies Melted . | . . . . . Intel | -11 -10 -10 -9 -8 ------- Run | Yrd Mat Min Mat Mat Robot Analysis Total . | . . . . . Derelict Logs Recovered 1 | . . 1 . . Drone Launches . | . . . . . Drone Recoveries . | . . . . . Exploration | -11 -10 -10 -9 -8 ------------- Run | Yrd Mat Min Mat Mat Turns Passed 2408 | 111 771 611 568 347 Spaces Moved 1228 | 58 401 356 291 122 Core 31 | 2 . 11 . 18 Treads 1197 | 56 401 345 291 104 Legs . | . . . . . Wheels . | . . . . . Hover . | . . . . . Flight . | . . . . . Fastest Speed 50 | 50 160 160 160 50 Average Speed 161 | 156 160 162 164 154 Slowest Speed 250 | 160 160 250 170 170 Overloaded Moves . | . . . . . Propulsion Burnouts . | . . . . . Robots Hopped . | . . . . . Cave-ins Triggered . | . . . . . Exploration Rate (%) 42 | 4 71 86 33 18 Regions Visited 4 Branch Regions 1 Pre-discovered Areas . | . . . . . Known Exits Taken 1 | . . . 1 . Unknown Exits Taken 3 | 1 1 1 . . Scrap Searched 1 | . . 1 . . Spaces Dug . | . . . . . Terrain Destroyed 315 | . 137 . 178 . Melee . | . . . . . Projectile . | . . . . . AOE 315 | . 137 . 178 . Terrain Rammed . | . . . . . Walls Destroyed . | . . . . . Machines Disabled . | . . . . . Actions | -11 -10 -10 -9 -8 --------- Run | Yrd Mat Min Mat Mat Total 1474 | 69 487 380 343 195 Wait 38 | . 36 2 . . Move 1224 | 57 400 355 290 122 Hop . | . . . . . Pick Up 23 | 1 11 2 9 . Fast Attach 12 | 7 1 . 2 2 Attach 11 | . 1 1 4 5 Detach . | . . . . . Swap 15 | . 7 2 6 . Drop 18 | . 4 4 10 . Fire 90 | 3 21 . 18 48 Melee . | . . . . . Ram 1 | . . . . 1 Kick . | . . . . . Crush 42 | 1 6 14 4 17 Escape Stasis . | . . . . . Rewire . | . . . . . Trap . | . . . . . Miscellaneous . | . . . . . Route ------- -11/Scrapyard -10/Materials (discovered 2 exits: *Mat / [*Min]) -10/Mines (discovered 2 exits: *Mat x2) -9/Materials (discovered 2 exits: *Mat x2) -8/Materials History --------- Turn | Location | Event 6 | -11/Scrapyard | Discovered new exit (range 16) 112 | -11/Scrapyard | Entered Materials 316 | -10/Materials | Build established: Mutant 713 | -10/Materials | Discovered new exit (range 13) 771 | -10/Materials | Discovered new exit (range 15) 883 | -10/Materials | Entered Mines 896 | -10/Mines | Assisted by bots powering up and referring to "LRC-V3" 982 | -10/Mines | Received a Rocket Launcher from a helpful Derelict 1156 | -10/Mines | Discovered new exit (range 9) 1331 | -10/Mines | Learned location of 1 exit from Materials 1468 | -10/Mines | Discovered new exit (range 8) 1494 | -10/Mines | Entered Materials 1494 | -9/Materials | Accompanied by 3 allies 1494 | -9/Materials | Evolved 2 slots: Utility x1, Weapon x1 1495 | -9/Materials | Identified exit to Materials 1731 | -9/Materials | Lost 3 allies 1855 | -9/Materials | Build established: Tank 1951 | -9/Materials | Lost 3 parts (3w) 1978 | -9/Materials | Discovered exit to Materials (range 16) 2062 | -9/Materials | Entered another Materials area 2062 | -8/Materials | Evolved 2 slots: Utility x1, Weapon x1 2093 | -8/Materials | Garrison activated, responded to threat 2318 | -8/Materials | Core integrity fell below 50% 2352 | -8/Materials | Lost 11 parts (1p2n3u5w) 2361 | -8/Materials | Core integrity fell below 20% 2405 | -8/Materials | Garrison activated, responded to threat 2409 | -8/Materials | Destroyed by G-47 Trooper with Particle Gun Last Messages --------------- 02331_ U-05 Engineer lays Concrete. 02332_ Slammed into U-05 Engineer. 02333_ ALERT: Construction progress impeded, dispatching reinforcements to local area. 02333_ U-05 Engineer sends out distress signal. 02334_ Slammed into U-05 Engineer. 02335_ U-05 Engineer lays Concrete. 02368_ S-10 Pest destroyed. 02369_ K-01 Serf collects debris. 02378_ Slammed into G-47 Trooper. 02381_ Atomic Centrifuge disabled. 02382_ Slammed into G-47 Trooper. 02384_ Critical hit (Burn: +37). 02387_ Acquired Lgt. Assault Rifle. 02388_ Critical hit (Burn: +37). 02403_ Arm. Treads destroyed. 02405_ G-47 Trooper calls for garrison reinforcements. 02405_ ALERT: Activating Garrison Access M001. 02408_ Lgt. Assault Rifle destroyed. Map ----- +----------------------------------------------------+ | ?????????????????????????????????????????????????? | | ?????????????????????????????????????????????????? | | ?????????????????????????????????????????????????? | | ?????????????????????????????????????????????????? | | ?????????????????????????????????????????????????? | | ?????????????????????????????????????????????????? | | ?????????????????????????????????????????????????? | | ?????????????????????????????????????????????????? | | ?????????????????????????????????????????????????? | | ?????????????????????????????????????????????????? | | ?????????????????????????????????????????????????# | | ??????????????????????? ?????????????????????????# | | ??????????????????????? ?????????????????????????# | | ????????????????????####+#####???????????????????# | | ????????????????????# #???????????????????# | | ????????????????????# g""" #???????????????????# | | ????????????????????# """ #???????????????????# | | ????????????????????# """ #???????????????????# | | ????????????????????# #????????????######## | | ????????????????????# g""" #????????????# """ # | | ????????????????????# "" ##########???# """ # | | ????????????????????# g"" # #???# """ + | | ????????????????????# % # #???# # | | ?????????????############g#### #???# # | | ?????????? k s # #???# # | | ?????????? u @ u #???#+###### | | ?????????? u a # #???# #????# | | ???????????#######+########### #???# #????# | | ?????????????????????????????# #???# ###### | | ?????????????????????????????# #???# ! | | ?????????????????????????????########/#???# | | ????????????????????????????????????# #???# | | ????????????????????????????????????# #???# #### | | ????????????????????????????????????# #???# #??# | | ?????????????????????????????#"G????# #???# #??# | | ????????????????????????#+####" "#### ##### % #??# | | ?????????????????????? %%%#??# | | ?????????????????????? %%% #??# | | ?????????????????????? % % %% #?## | | ??????????????????????? ##############/####+#### | | ???????????????????????????????# *%%# %% #! | | ???????????????????????????????# ! #!%* + | | ???????????????????????????????# #== "" # | | ???????????????????????????????# #!%=" # | | ???????????????????????????????# "" # ! ## | | ???????????????????????????????# T" """ #* #? | | ???????????????????????????????# "" """ # =% #? | | ???????????????????????????????# #* "" #? | | ???????????????????????????????########### "" #? | | ?????????????????????????????????????????# T" #? | +----------------------------------------------------+ Best States ------------- Heat Dissipation 31 Energy Generation 14 Energy Capacity 265 Matter Stores 371 Matter Capacity 400 Sight Range 16 Terrain Scan Density 10 ECM Strength 1 Core Shielding 20 Evasion (%) 50 Targeting Accuracy 5 Recoil Reduction 2 Item Schematics ----------------- None Robot Schematics ------------------ None Fabricated ------------ Nothing Alien Tech Used ----------------- None Achievements -------------- None Challenges ------------ None Game ------ Seed DisposableMinesnifferCharger Manual? 0 Play Time 00:21:40 Cumulative 18.3 hours Start 2025.01.07 @ 22:39:15 End 2025.01.07 @ 22:57:37 Sessions 1 Manual Loads 0 Difficulty Rogue Special Mode None Game No. 38 Rogue 38 Adventurer 0 Explorer 0 Win Type - Total 0 Types 0/0/0/0/0/0/0/0/0 Lore% 9 Gallery% 13 Achievement% 16 Wizard Run 0 Options --------- Layout 2 ASCII 0 Keyboard 1 Movement Vi Keybinds 0 Fullscreen 1 Font 24/Tamsyn Map View 50x44 Zoom Use 0% Tactical HUD 1 Map Filters NONE Filters NONE Steam 1 RUN: 0786ee71-18ac-4704-a706-6d91168f2caf